Map: Acid Plant LE

Players

wert

  • Race: Protoss Protoss
  • League: Gold
  • Spawn Location: 5:00

tglanz - Winner!

  • Race: Protoss Protoss
  • Spawn Location: 11:00

VOD

Have the link to the VOD?

Description

Time

  • Played on: June 17, 2018, 12:55 p.m.
  • Length: 14:11
Show
View Real Time Build Order
Export as new Build Order

wert Protoss 

Build Orders: Cannon Rush 

Get SALT Encoding   

  12  0:12  Pylon  
  12  0:13  Probe  
  13  0:25  Probe  
  14  0:36  Forge  
  14  0:37  Probe  
  15  0:50  Gateway  
  15  0:52  Probe  
  16  1:06  Probe  
  16  1:11  Photon Cannon  
  17  1:15  Assimilator  
  17  1:26  Pylon  
  17  1:47  Photon Cannon  
  17  1:49  Zealot  
  17  1:50  Photon Cannon  
  19  1:54  Probe  
  20  2:06  Probe  
  21  2:24  Nexus  
  21  2:29  Zealot  
  23  2:35  Probe  
  24  2:43  Cybernetics Core  
  24  2:59  Photon Cannon  
  24  3:00  Zealot  
  26  3:11  Probe  
  27  3:16  Warp Gate  
  27  3:23  Probe  
  28  3:36  Gateway  
  28  3:42  Pylon  
  28  3:45  Probe  
  28  3:46  Stalker  
  29  3:48  Pylon  
  31  3:57  Probe  
  31  3:59  Protoss Ground Weapons Level 1  
  32  4:09  Probe  
  33  4:15  Stalker  
  33  4:21  Probe  
  36  4:29  Assimilator  
  36  4:33  Probe  
  36  4:38  Robotics Facility  
  37  4:44  Zealot  
  37  4:45  Probe  
  40  4:48  Probe  
  41  4:57  Probe  
  39  5:09  Probe  
  35  5:24  Pylon  
  35  5:26  Probe  
  36  5:30  Stalker x2  
  36  5:33  Probe  
  41  5:38  Probe  
  42  5:45  Probe  
  43  5:50  Probe  
  43  5:53  Photon Cannon  
  43  5:56  Photon Cannon  
  44  5:57  Probe  
  45  6:05  Stalker x2  
  45  6:09  Probe  
  50  6:16  Probe  
  51  6:21  Probe  
  52  6:28  Probe  
  53  6:33  Probe  
  53  6:35  Stalker x2  
  58  6:43  Nexus  
  58  6:45  Probe  
  59  6:57  Pylon  
  59  7:02  Immortal  
  63  7:10  Protoss Ground Armor Level 1  
  63  7:12  Stalker  
  63  7:13  Zealot  
  67  7:41  Photon Cannon  
  67  7:43  Photon Cannon  
  67  7:45  Photon Cannon  
  67  7:52  Pylon  
  67  7:55  Pylon  
  67  7:56  Immortal  
  67  7:58  Pylon  
  71  8:01  Assimilator  
  71  8:02  Probe  
  72  8:14  Probe  
  73  8:24  Stalker x2  
  73  8:26  Probe  
  78  8:42  Observer  
  79  8:54  Gateway  
  79  8:55  Gateway  
  79  8:58  Probe  
  78  9:10  Probe  
  79  9:56  Gateway  
  79  9:59  Gateway  
  79  10:01  Gateway  
  79  10:02  Stalker  
  79  10:03  Stalker x3  
  79  10:06  Protoss Shields Level 1  
  87  10:10  Immortal  
  73  10:46  Stalker x2  
  73  10:47  Stalker x2  
  65  11:31  Probe  
  66  11:38  Pylon  
  66  11:40  Pylon  
  66  11:43  Probe  
  66  11:45  Immortal  
  71  11:48  Stalker x4  
  71  11:53  Probe  
  80  11:59  Assimilator  
  80  12:05  Probe  
  81  12:11  Probe  
  82  12:17  Probe  
  83  12:25  Immortal  
  83  12:26  Stalker x5  
  83  12:27  Stalker x2  
  83  12:29  Probe  
  102  12:41  Probe  
  103  12:53  Stalker x3  
  103  12:54  Stalker x2  
  103  12:58  Zealot x2  
  113  13:32  Pylon  
  112  13:34  Pylon  
  112  13:35  Pylon  
Show
View Real Time Build Order
Export as new Build Order

tglanz Protoss - Winner!

Build Orders: 1 Gate Expand, Dark Templar Rush 

Get SALT Encoding   

  12  0:01  Probe  
  13  0:13  Probe  
  14  0:19  Pylon  
  14  0:25  Probe  
  15  0:33  Probe  
  15  0:40  Gateway  
  15  0:41  Probe  
  16  0:48  Assimilator  
  17  0:58  Probe  
  18  1:06  Probe  
  19  1:14  Probe  
  20  1:25  Nexus  
  20  1:37  Cybernetics Core  
  20  1:38  Probe  
  21  1:59  Probe, Pylon  
  22  2:01  Assimilator  
  22  2:11  Probe  
  22  2:13  Warp Gate  
  23  2:18  Twilight Council  
  23  2:24  Zealot  
  25  2:30  Probe  
  26  2:45  Robotics Facility  
  26  2:46  Probe  
  26  2:47  Probe  
  28  3:06  Probe x2  
  28  3:11  Dark Shrine  
  30  3:23  Gateway  
  30  3:24  Gateway  
  30  3:29  Gateway  
  30  3:32  Warp Prism  
  33  3:41  Probe  
  33  3:42  Probe  
  34  4:19  Probe x2  
  34  4:20  Observer  
  37  4:32  Dark Templar  
  37  4:33  Dark Templar x2  
  37  4:36  Probe x2  
  45  4:50  Pylon  
  45  4:52  Assimilator  
  45  4:56  Assimilator  
  45  5:02  Dark Templar  
  45  5:05  Probe x2  
  43  5:13  Immortal  
  47  5:19  Probe  
  47  5:20  Probe  
  47  5:43  Nexus  
  47  5:46  Pylon  
  47  5:48  Pylon  
  47  5:49  Pylon  
  47  5:51  Pylon  
  47  5:53  Pylon  
  47  5:54  Gateway  
  47  5:55  Assimilator, Gateway  
  47  5:56  Gateway  
  47  6:00  Assimilator  
  47  6:08  Dark Templar  
  49  6:26  Probe x2  
  50  6:35  Immortal  
  50  6:38  Stalker x3  
  60  6:46  Blink  
  60  6:48  Probe x2  
  62  7:03  Forge  
  62  7:05  Forge  
  62  7:07  Forge  
  62  7:10  Probe x3  
  62  7:11  Gateway  
  62  7:12  Gateway  
  65  7:16  Stalker  
  67  7:32  Shadow Stride  
  67  7:33  Probe x3  
  70  7:39  Stalker x4  
  78  7:48  Observer  
  78  7:50  Probe  
  78  7:51  Probe x2  
  82  8:07  Zealot x4  
  90  8:17  Probe x2  
  90  8:18  Probe  
  93  8:26  Shield Battery  
  93  8:28  Shield Battery  
  93  8:31  Probe, Gateway  
  93  8:32  Probe x2, Gateway  
  93  8:33  Gateway  
  96  8:40  Stalker x2  
  100  9:16  Stalker  
  102  9:17  Stalker x3  
  106  9:34  Probe  
  106  9:35  Probe x2  
  106  9:38  Protoss Shields Level 1, Protoss Ground Weapons Level 1, Protoss Ground Armor Level 1  
  109  9:58  Pylon  
  109  10:00  Pylon  
  109  10:03  Pylon  
  109  10:09  Pylon  
  109  10:15  Pylon  
  109  10:16  Immortal  
  111  10:21  Nexus  
  111  10:25  Pylon  
  111  10:28  Pylon  
  110  10:30  Pylon  
  110  10:33  Assimilator  
  92  10:38  Assimilator  
  92  10:40  Dark Templar  
  92  10:41  Dark Templar x6  
  92  10:42  Dark Templar  
  86  11:20  Probe x3  
  81  11:28  Charge  
  77  11:50  Robotics Facility  
  77  11:54  Robotics Facility  
  77  11:58  Gateway  
  77  12:01  Gateway  
  77  12:04  Warp Prism, Gateway  
  77  12:06  Gateway  
  79  12:12  Robotics Bay  
  77  12:52  Dark Templar  
  77  12:53  Dark Templar x6  
  77  12:58  Immortal x3  
  103  13:18  Probe x3  
  103  13:19  Probe  
  107  13:22  Zealot x4  
  121  13:48  Dark Templar x4  
  117  13:49  Dark Templar x5  
  117  13:52  Archon  
Tags
 
Add a new tag
Caveats
  • Supply blocks, unpowered buildings, or Contaminate may cause inaccurate times.
  • Supply counts are checked every 10 seconds.